 Dungeon Crawl Stone Soup version 0.27-a0-291-gd9602db6ee (webtiles) character file.

Game seed: 4924197098886774441

3276 Fenrir042 the Grappler (level 10, 0/88 HPs)
             Began as a Ghoul Monk on Feb 9, 2021.
             Was a Priest of Okawaru.
             Slain by a two-headed ogre
             ... wielding a +0 giant club
              (22 damage)
             ... on level 8 of the Dungeon.
             The game lasted 00:31:24 (6591 turns).

Fenrir042 the Grappler (Ghoul Monk)                 Turns: 6591, Time: 00:31:25

Health: 0/88       AC: 15    Str: 19    XL:     10   Next: 0%
Magic:  9/9        EV:  8    Int:  5    God:    Okawaru [***...]
Gold:   461        SH:  0    Dex: 11    Spells: 9/9 levels left

rFire    . . .     SeeInvis .     - Unarmed
rCold    + . .     Faith    .   (no shield)
rNeg     + + +     Spirit   .   w - +1 plate armour
rPois    ∞         Reflect  .   (no helmet)
rElec    .         Harm     .   e - +1 cloak
rCorr    .         Rampage  .   (no gloves)
Will     .....                  (no boots)
Stlth    ..........             o - amulet of regeneration
HPRegen  0.00/turn              (no ring)
MPRegen  0.11/turn              (no ring)

@: no status effects
A: claws 1, cold resistance 1, negative energy resistance 3, inhibited
regeneration, torment resistance, unbreathing
a: Renounce Religion, Heroism


You were on level 8 of the Dungeon.
You worshipped Okawaru.
Okawaru was most pleased with you.
You visited 2 branches of the dungeon, and saw 9 of its levels.

You collected 461 gold pieces.

Inventory:

Armour
 e - a +1 cloak (worn)
 w - a +1 plate armour (worn)
 z - a +0 kite shield
Jewellery
 o - an amulet of regeneration (around neck)
 p - an uncursed amulet of the acrobat
Wands
 g - a wand of acid (8)
Scrolls
 c - 3 scrolls of fog {unknown}
 d - 2 scrolls of amnesia {unknown}
 f - 5 scrolls of enchant weapon {unknown}
 h - 3 scrolls of random uselessness {unknown}
 i - 2 scrolls of enchant armour
 n - 3 scrolls of remove curse
 q - 9 scrolls of identify
 x - 2 scrolls of fear {unknown}
 A - 3 scrolls of teleportation
 B - a scroll of magic mapping {unknown}
 E - 2 scrolls of vulnerability {unknown}
Potions
 a - a potion of attraction {unknown}
 b - 3 potions of curing
 j - a potion of flight {unknown}
 k - a potion of might {unknown}
 l - 4 potions of brilliance {unknown}
 m - a potion of mutation {unknown}
 r - 2 potions of haste {unknown}
 s - 2 potions of ambrosia {unknown}
 t - a potion of experience {unknown}
 u - a potion of heal wounds {unknown}
 C - a potion of degeneration {unknown}
 D - a potion of berserk rage {unknown}


   Skills:
 + Level 7.8 Fighting
 + Level 5.7 Armour
 + Level 6.5 Dodging
 - Level 2.1 Stealth
 - Level 2.4 Shields
 * Level 8.7 Unarmed Combat


You had 9 spell levels left.
You didn't know any spells.
Your spell library contained the following spells:

 Spells                   Type           Power        Failure   Level
 Animate Skeleton         Necr           0%           100%        1
 Apportation              Tloc           0%           100%        1
 Corona                   Hex            0%           100%        1
 Summon Small Mammal      Summ           0%           100%        1
 Confusing Touch          Hex            0%           100%        3
 Gell's Gravitas          Tloc           0%           100%        3
 Petrify                  Tmut/Erth      0%           100%        4
 Metabolic Englaciation   Hex/Ice        0%           100%        5
 Yara's Violent Unravell  Hex/Tmut       0%           100%        5


Dungeon Overview and Level Annotations

Branches:
Dungeon (8/15)             Temple (1/1) D:7
   Lair: D:8-11

Altars:
Ashenzari
Cheibriados
Dithmenos
Elyvilon
Fedhas
Gozag
Hepliaklqana
Kikubaaqudgha
Makhleb
Nemelex Xobeh
Okawaru
Qazlal
Ru
Sif Muna
Trog
Uskayaw
Vehumet
Wu Jian
Xom
Yredelemnul
Zin
The Shining One

Shops:
D:4 *

Annotations:
D:4 lagdotcom's ghost, novice GrFi


Innate Abilities, Weirdness & Mutations

You thrive by killing the living.
You are immune to poison.
You have sharp fingernails.
Your flesh is cold resistant. (rC+)
You are immune to negative energy. (rN+++)
You do not regenerate when monsters are visible.
You are immune to unholy pain and torment.
You can survive without breathing.


Message History

The two-headed ogre hits you with a +0 great mace!
You claw the two-headed ogre!
The two-headed ogre is moderately wounded.
You claw the two-headed ogre!
The two-headed ogre is severely wounded.
The two-headed ogre misses you. The two-headed ogre barely misses you.
You closely miss the two-headed ogre.
The two-headed ogre is severely wounded.
The two-headed ogre barely misses you. x2
You scratch the two-headed ogre.
The two-headed ogre is severely wounded.
You claw the two-headed ogre!
The two-headed ogre is almost dead.
The two-headed ogre hits you with a +0 giant club!
The two-headed ogre hits you with a +0 great mace!
* * * LOW HITPOINT WARNING * * *
You barely miss the two-headed ogre.
The two-headed ogre is almost dead.
The two-headed ogre hits you with a +0 giant club!!
You die...

.# ...♣.... ..
....... .. P....#
.# P.........# .#
..P......?# .#
.......
..######O###.#
...P.
#.##.?.@†....# ...#
#.##.##........
#<###.##.##..######
#....(...##..#
#......####/.#
#<###..####<>#
#)##.........#
##.###..#####.#
###...###.#####.#


You could see a two-headed ogre.

Vanquished Creatures
  Sigmund (D:4)
  4 yaks (D:8)
  A shadow (D:8)
  A wyvern (D:8)
  Menkaure (D:4)
  Edmund (D:4)
  2 ice beasts (D:7)
  A centaur (D:7)
  3 phantoms
  A kobold brigand (D:8)
  6 bullfrogs
  4 scorpions
  A howler monkey (D:4)
  A bullfrog zombie (D:6)
  2 centaur skeletons (D:4)
  2 centaur zombies (D:7)
  2 jellies
  Crazy Yiuf (D:6)
  5 hounds
  2 iguanas
  3 orc wizards
  2 worker ants
  3 hound skeletons
  A gnoll (D:1)
  A howler monkey skeleton (D:6)
  8 adders
  2 shadow imps (D:6)
  5 ufetubi
  An ooze (D:6)
  An adder zombie (D:4)
  2 worms (D:2)
  6 leopard geckos
  7 orcs
  7 bats
  3 giant cockroaches
  4 goblins
  9 hobgoblins
  14 jackals
  11 kobolds
  3 quokkas
  3 frilled lizards
  5 rats
143 creatures vanquished.

Vanquished Creatures (others)
  A quokka (D:7)
  A bush (D:8)
  4 fungi (D:8)
  14 plants (D:8)
20 creatures vanquished.

Grand Total: 163 creatures vanquished

Notes
Turn   | Place    | Note
-------+----------+-------------------------------------------
     0 | D:1      | Fenrir042 the Ghoul Monk began the quest for the Orb.
     0 | D:1      | Reached XP level 1. HP: 19/19 MP: 0/0
   365 | D:1      | Reached XP level 2. HP: 26/26 MP: 1/1
   459 | D:1      | Reached XP level 3. HP: 27/31 MP: 2/2
   848 | D:2      | Reached skill level 1 in Armour
  1043 | D:2      | Reached XP level 4. HP: 40/40 MP: 3/3
  1223 | D:2      | Found a blossoming altar of Fedhas.
  1697 | D:3      | Reached skill level 4 in Unarmed Combat
  1714 | D:3      | You fall into a shaft and drop 3 floors!
  1716 | D:6      | Noticed a bullfrog
  1728 | D:6      | Killed a bullfrog
  1729 | D:6      | Reached XP level 5. HP: 44/46 MP: 4/4
  1845 | D:5      | Entered Level 5 of the Dungeon
  1878 | D:5      | Noticed a phantom
  1893 | D:5      | Killed a phantom
  1894 | D:5      | Reached XP level 6. HP: 37/53 MP: 5/5
  2350 | D:5      | Noticed lagdotcom's ghost (novice GrFi)
  2358 | D:5      | Found a runed translucent gate.
  2358 | D:5      | Found a runed translucent gate.
  2360 | D:5      | Found a runed translucent gate.
  2416 | D:5      | Found a sparkling altar of Nemelex Xobeh.
  2418 | D:5      | Found an iron altar of Okawaru.
  2803 | D:4      | Reached skill level 5 in Unarmed Combat
  2833 | D:4      | Reached skill level 5 in Fighting
  2846 | D:4      | Noticed Sigmund
  2865 | D:4      | Killed Sigmund
  2866 | D:4      | Reached XP level 7. HP: 55/61 MP: 6/6
  3190 | D:4      | Noticed Edmund
  3221 | D:4      | Killed Edmund
  3381 | D:4      | Noticed Menkaure
  3388 | D:4      | Killed Menkaure
  3389 | D:4      | Reached XP level 8. HP: 70/70 MP: 7/7
  3436 | D:4      | Found Leplast's General Store.
  3575 | D:4      | Reached skill level 6 in Unarmed Combat
  3664 | D:5      | Reached skill level 5 in Dodging
  3942 | D:3      | Found an opulent altar of Gozag.
  4267 | D:3      | Found a shadowy altar of Dithmenos.
  4458 | D:6      | Reached skill level 1 in Shields
  4564 | D:6      | Found a broken altar of Ashenzari.
  4655 | D:6      | Found a runed translucent door.
  4656 | D:6      | Noticed Crazy Yiuf
  4662 | D:6      | Killed Crazy Yiuf
  5026 | D:7      | Reached XP level 9. HP: 78/78 MP: 8/8
  5263 | D:7      | Found a white marble altar of Elyvilon.
  5334 | D:7      | Found a staircase to the Ecumenical Temple.
  5350 | Temple   | Entered the Ecumenical Temple
  5506 | D:5      | Became a worshipper of Warmaster Okawaru
  5506 | D:5      | Reached * piety under Okawaru
  5506 | D:5      | Reached ** piety under Okawaru
  5982 | D:8      | Reached skill level 7 in Unarmed Combat
  6074 | D:8      | Reached skill level 5 in Armour
  6447 | D:8      | Reached skill level 8 in Unarmed Combat
  6454 | D:8      | Reached *** piety under Okawaru
  6578 | D:8      | Noticed a two-headed ogre
  6582 | D:8      | Reached XP level 10. HP: 72/88 MP: 9/9
  6591 | D:8      | Slain by a two-headed ogre

Illustrated notes

Levels and vault maps discovered:
D:1:      zaba_arrival_water, layout_loops_ring, minmay_tall_x
D:2:      layout_rooms, palyth_stone_intersect, chequers_serial_rivers_large_b,
          minmay_misc_feat_doors, fedhas_altar_fruit_tree
D:3:      layout_basic, marbit_many_paths, minmay_statues_item,
          nicolae_gozag_seed_capital
D:4:      layout_gridville, serial_shops, kennysheep_mini, uniq_edmund,
          uniq_menkaure, uniq_sigmund
D:5:      layout_basic, minitemple, gammafunk_ghost_split,
          roderic_serpentine_path
D:6:      layout_gridville, kennysheep_mini_moat, minmay_misc_feat_plants,
          uniq_crazy_yiuf_cottage
D:7:      layout_cave_pods, minmay_temple_entry_mist, elyvilon_altar_4
D:8:      layout_loops_ring, minmay_lair_entry_grove, uniq_harold
Temple:   compressed_dpeg_circular_temple

Skill      XL: |  1  2  3  4  5  6  7  8  9 |
---------------+----------------------------+-----
Dodging        | 3 4 5 6 |  6.5
Armour         | 1 2 3 4 5 |  5.7
Fighting       | 4 5 6 7 |  7.8
Unarmed Combat | 4 5 6 8 |  8.7
Shields        | 2 |  2.4
Stealth        | |  2.1

Action                   |  1- 3 |  4- 6 |  7- 9 | 10-12 || total
-------------------------+-------+-------+-------+-------++-------
Melee: Unarmed           |   103 |   167 |   180 |     8 ||   458
       Punch             |     2 |       |     4 |       ||     6
       Dire flail        |       |       |   191 |       ||   191
  Use: Scroll            |       |     5 |     3 |       ||     8
       Potion            |       |     2 |       |       ||     2
 Stab: Sleeping          |     1 |       |       |       ||     1
Armor: Scale mail        |    53 |    47 |       |       ||   100
       Robe              |     1 |       |       |       ||     1
       Plate armour      |       |    65 |   358 |     2 ||   425
Dodge: Dodged            |    60 |    81 |   159 |     4 ||   304

Table legend: (Time is in decaauts)
 A = Elapsed time spent in this place.
 B = Non-inter-level travel time spent in this place.
 C = Inter-level travel time spent in this place.
 D = Time resting spent in this place.
 E = Time spent auto-exploring this place.
 F = Levels seen in this place.
 G = Mean time per level.
                   A        B        C        D        E       F      G
               +--------+--------+--------+--------+--------+-----+--------+
         Total |   6670 |   5988 |    682 |    309 |   4385 |   9 |  741.1 |
       Dungeon |   6582 |   5987 |    595 |    309 |   4385 |   8 |  822.8 |
        Temple |     87 |      0 |     87 |      0 |      0 |   1 |   87.0 |
               +--------+--------+--------+--------+--------+-----+--------+

Top non-repeatable levels by time:
     D:7: 1118 daAuts
     D:4: 1081 daAuts
     D:5: 1006 daAuts
     D:1: 849 daAuts
     D:2: 818 daAuts
     D:3: 698 daAuts
     D:6: 586 daAuts
     D:8: 423 daAuts
  Temple: 87 daAuts
